 Dungeon Crawl Stone Soup version 0.27-a0-1245-g940ed4fa31 (webtiles) character file.

Game seed: 696376601438984051

1883 siradein the Slicer (level 9, 0/42 HPs)
             Began as a Vine Stalker Brigand on June 9, 2021.
             Slain by a shadow (22 damage)
             ... on level 5 of the Dungeon on June 10, 2021.
             The game lasted 00:15:59 (5658 turns).

siradein the Slicer (Vine Stalker Brigand)          Turns: 5658, Time: 00:16:00

Health: 0/42       AC: 15    Str: 16    XL:     9   Next: 14%
Magic:  0/19       EV:  3    Int: 11    God:
Gold:   317        SH:  7    Dex: 17    Spells: 8/8 levels left

rFire    . . .     SeeInvis .   g - +1 dagger (protect)
rCold    . . .     Faith    .   y - +0 kite shield
rNeg     . . .     Spirit   +   h - +0 chain mail
rPois    .         Reflect  .   G - +0 helmet
rElec    .         Harm     .   c - +0 cloak
rCorr    .         Rampage  .   n - +0 pair of gloves
Will     +....                  (no boots)
Stlth    ..........             (no amulet)
HPRegen  1.14/turn              r - ring of magical power
MPRegen  0.16/turn              A - +4 ring of protection

@: no status effects
A: fangs 3, regeneration 1, magic shield, antimagic bite, no potion heal 2
a: no special abilities


You were on level 5 of the Dungeon.
You visited 1 branch of the dungeon, and saw 6 of its levels.
You also visited: Ossuary.

You collected 317 gold pieces.

Inventory:

Hand Weapons
 g - a +1 dagger of protection (weapon)
 u - a +2 dagger of venom
 I - a +0 rapier
Missiles
 b - 178 stones (quivered)
 d - 34 poisoned darts
 e - 2 curare-tipped darts
 k - 2 javelins
Armour
 c - a +0 cloak (worn)
 h - a +0 chain mail (worn)
 n - a +0 pair of gloves (worn)
 y - a +0 kite shield (worn)
 G - a +0 helmet (worn)
Jewellery
 r - a ring of magical power (left hand)
 A - a +4 ring of protection (right hand)
Scrolls
 a - a scroll of holy word {unknown}
 i - 5 scrolls of amnesia {unknown}
 m - a scroll of blinking {unknown}
 o - a scroll of fog {unknown}
 p - 4 scrolls of teleportation {unknown}
 q - 2 scrolls of summoning {unknown}
 s - 8 scrolls of identify {unknown}
 t - 3 scrolls of enchant weapon {unknown}
 v - 3 scrolls of magic mapping {unknown}
 B - 2 scrolls of immolation {unknown}
 D - a scroll of acquirement {unknown}
Potions
 f - 3 potions of curing {unknown}
 j - 3 potions of mutation {unknown}
 l - 3 potions of lignification {unknown}
 w - 3 potions of attraction {unknown}
 x - a potion of heal wounds {unknown}
 z - a potion of haste {unknown}
 C - a potion of ambrosia {unknown}
 E - a potion of degeneration {unknown}
 F - a potion of invisibility {unknown}
 H - a potion of flight {unknown}


   Skills:
 - Level 1.7 Fighting
 + Level 10.7 Short Blades
 - Level 1.7 Throwing
 - Level 0.7 Dodging
 - Level 4.8 Stealth


You had 8 spell levels left.
You didn't know any spells.
Your spell library contained the following spells:

 Spells                   Type           Power      Damage    Failure   Level
 Beastly Appendage        Tmut           0%         N/A       100%        1
 Sandblast                Erth           0%         2d4       100%        1
 Summon Small Mammal      Summ           0%         N/A       100%        1
 Call Imp                 Summ           0%         N/A       100%        2
 Passwall                 Tmut/Erth      0%         N/A       100%        2
 Wereblood                Tmut           0%         N/A       100%        2
 Call Canine Familiar     Summ           0%         N/A       100%        3
 Confusing Touch          Hex            0%         N/A       100%        3
 Gell's Gravitas          Tloc           0%         N/A       100%        3
 Spider Form              Tmut/Pois      0%         N/A       100%        3
 Stone Arrow              Conj/Erth      0%         3d7       100%        3
 Summon Guardian Golem    Hex/Summ       0%         N/A       100%        3
 Ice Form                 Ice/Tmut       0%         N/A       100%        4
 Petrify                  Tmut/Erth      0%         N/A       100%        4
 Summon Ice Beast         Ice/Summ       0%         N/A       100%        4
 Summon Lightning Spire   Summ/Air       0%         N/A       100%        4
 Lee's Rapid Deconstruct  Erth           0%         3d5*      100%        5
 Metabolic Englaciation   Hex/Ice        0%         N/A       100%        5
 Yara's Violent Unravell  Hex/Tmut       0%         3d3       100%        5


Dungeon Overview and Level Annotations

Branches:
Dungeon (6/15)            Ossuary (visited)
 Temple: D:4-7

Altars:
Gozag
Okawaru
Sif Muna

Annotations:
D:5 4 runed translucent doors


Innate Abilities, Weirdness & Mutations

You have razor-sharp teeth.
Your natural rate of healing is unusually fast.
When hurt, damage is shared between your health and your magic reserves.
Your bite disrupts and absorbs the magic of your enemies.
Potions cannot restore your health.


Message History

You hit the shadow. You bite the shadow, but do no damage.
The shadow is heavily damaged.
The shadow slips into darkness.
The shadow flickers and vanishes!
Deactivating autopickup; reactivate with Ctrl-A.
You miss something. You bite something. You drain its power.
The shadow strikes at you from the darkness!
Reactivating autopickup.
You hit the shadow.
The shadow is severely damaged.
You hit the shadow but do no damage.
The shadow is severely damaged.
The shadow slips into darkness.
The shadow flickers and vanishes!
Deactivating autopickup; reactivate with Ctrl-A.
You hit something. You bite something.
The shadow strikes at you from the darkness!
Reactivating autopickup.
Your shield and chain mail prevent you from hitting the shadow.
You bite the shadow, but do no damage.
The shadow is almost destroyed.
The shadow hits you!
You are too injured to fight recklessly!
You are too injured to fight recklessly!
You are too injured to fight recklessly!
You are too injured to fight recklessly!
You are too injured to fight recklessly!
You are too injured to fight recklessly!
The shadow slips into darkness.
The shadow flickers and vanishes!
Deactivating autopickup; reactivate with Ctrl-A.
There is an open door here.
The shadow strikes at you from the darkness!
Reactivating autopickup.
The shadow slips into darkness.
The shadow flickers and vanishes!
Deactivating autopickup; reactivate with Ctrl-A.
The shadow strikes at you from the darkness!
Ouch! That really hurt!
You die...

....###....## ## #[....w#)##
##...#....##! .)# #8.w..8#.#
..........#.##.#####8D.8##.#
...#......#.#w##.'.##++##..#
...##.....#...#.##........##
.#####....#.####.#.########
.# ###..#.##.w{.##.#
.###....#..######..###
.##.............@.#..#
.#...........##......#
.##.####.##..##.....## .##.
####.........# . #.....#.###
#. ###..#### #.## ###


There were no monsters in sight!

Vanquished Creatures
  Pikel (D:4)
  Eustachio (D:5)
  An ice beast (D:4)
  2 ogres
  A phantom (D:5)
  2 elf zombies (Ossuary)
  A water moccasin skeleton (D:5)
  A howler monkey (D:5)
  A centaur zombie (D:5)
  A human zombie (Ossuary)
  A hound (D:6)
  An orc priest (D:5)
  2 jellies
  4 iguanas
  2 orc wizards (D:5)
  A hound zombie (Ossuary)
  4 mummies (Ossuary)
  10 gnolls
  9 adders
  A shadow imp (D:5)
  3 ufetubi
  3 adder zombies (Ossuary)
  A worm zombie (D:5)
  A worm (D:2)
  2 dart slugs
  11 orcs
  5 endoplasms
  2 giant cockroaches
  12 goblins
  10 hobgoblins
  8 jackals
  8 kobolds
  7 quokkas
  7 ball pythons
  4 bats
  2 frilled lizards (D:3)
  2 gnoll zombies (Ossuary)
  A jackal zombie (Ossuary)
  2 kobold zombies
  9 rats
  A rat zombie (Ossuary)
148 creatures vanquished.

Vanquished Creatures (others)
  A fungus (D:1)
1 creature vanquished.

Grand Total: 149 creatures vanquished

Notes
Turn   | Place    | Note
-------+----------+-------------------------------------------
     0 | D:1      | siradein the Vine Stalker Brigand began the quest for the
                  | Orb.
     0 | D:1      | Reached XP level 1. HP: 11/11 MP: 2/2
    99 | D:1      | Reached skill level 2 in Short Blades
   157 | D:1      | Reached XP level 2. HP: 14/15 MP: 3/3
   713 | D:1      | Reached skill level 3 in Short Blades
   742 | D:1      | Reached XP level 3. HP: 18/18 MP: 4/4
  1050 | D:2      | Found an opulent altar of Gozag.
  2010 | D:2      | Gained mutation: Your natural rate of healing is unusually
                  | fast. [Vine Stalker growth]
  2010 | D:2      | Reached XP level 4. HP: 19/23 MP: 5/5
  2064 | D:2      | Reached skill level 4 in Short Blades
  2170 | D:2      | Found a faded altar of an unknown god.
  2615 | D:3      | Reached XP level 5. HP: 26/26 MP: 6/6
  2711 | D:3      | Reached skill level 5 in Short Blades
  2786 | D:3      | You fall into a shaft and drop 3 floors!
  2953 | D:6      | Reached XP level 6. HP: 23/30 MP: 7/7
  3081 | D:5      | Entered Level 5 of the Dungeon
  3081 | D:5      | Found a sand-covered staircase.
  3164 | Ossuary  | Entered an ossuary
  3178 | Ossuary  | Reached skill level 6 in Short Blades
  3231 | Ossuary  | Reached XP level 7. HP: 29/34 MP: 8/8
  3367 | Ossuary  | Reached skill level 7 in Short Blades
  3639 | D:5      | Noticed Pikel
  4216 | D:4      | Reached skill level 8 in Short Blades
  4293 | D:4      | Gained mutation: You have razor-sharp teeth. [Vine Stalker
                  | growth]
  4293 | D:4      | Reached XP level 8. HP: 38/38 MP: 9/9
  5110 | D:4      | Killed Pikel
  5111 | D:4      | Reached skill level 9 in Short Blades
  5259 | D:5      | Found a large runed translucent door.
  5260 | D:5      | Found a large runed translucent door.
  5261 | D:5      | Noticed a two-headed ogre
  5272 | D:5      | Found a large runed translucent door.
  5272 | D:5      | Found a large runed translucent door.
  5330 | D:5      | Reached skill level 10 in Short Blades
  5363 | D:5      | Noticed Eustachio
  5425 | D:5      | Killed Eustachio
  5426 | D:5      | Reached XP level 9. HP: 41/42 MP: 10/10
  5456 | D:5      | Found an iron altar of Okawaru.
  5456 | D:5      | Found a shimmering blue altar of Sif Muna.
  5658 | D:5      | Slain by a shadow

Illustrated notes

Levels and vault maps discovered:
D:1:      lemuel_arrival_muddy, layout_basic
D:2:      layout_rooms, basic_altar, hellmonk_ecumenical_altar_arch_garden,
          kennysheep_generic_room_9
D:3:      cheibrodos_greedy_goblins, layout_rooms, minmay_joined_circles
D:4:      layout_basic
D:5:      layout_cave_pools, gammafunk_temple_overflow_elements,
          enter_ossuary_3, minmay_hollow_rounded_squares, uniq_pikel,
          uniq_eustachio
D:6:      layout_basic, lemuel_doored_altar, gammafunk_temple_overflow_statue,
          minmay_temple_entry_antechambers, ebering_ghost_rock_garden,
          small_statue_intersection

Skill      XL: |  1  2  3  4  5  6  7  8 |
---------------+-------------------------+-----
Short Blades   | 2 3 4 5 6 8 10 | 10.7
Fighting       | |  1.7
Throwing       | |  1.7
Dodging        | |  0.7
Stealth        | |  4.8

Action                   |  1- 3 |  4- 6 |  7- 9 || total
-------------------------+-------+-------+-------++-------
Melee: Dagger            |   146 |   294 |   478 ||   918
       Bite              |    48 |    94 |   160 ||   302
       Rapier            |       |       |    13 ||    13
Armor: Chain mail        |    77 |   321 |   328 ||   726
Dodge: Dodged            |    48 |   131 |   113 ||   292
Block: Kite shield       |       |       |    90 ||    90

Table legend: (Time is in decaauts)
 A = Elapsed time spent in this place.
 B = Non-inter-level travel time spent in this place.
 C = Inter-level travel time spent in this place.
 D = Time resting spent in this place.
 E = Time spent auto-exploring this place.
 F = Levels seen in this place.
 G = Mean time per level.
                   A        B        C        D        E       F      G
               +--------+--------+--------+--------+--------+-----+--------+
         Total |   5449 |   5224 |    225 |    656 |   2772 |   7 |  778.4 |
       Dungeon |   5167 |   4942 |    225 |    656 |   2655 |   6 |  861.2 |
       Ossuary |    281 |    281 |      0 |      0 |    117 |   1 |  281.0 |
               +--------+--------+--------+--------+--------+-----+--------+

Top non-repeatable levels by time:
     D:1: 1580 daAuts
     D:4: 1093 daAuts
     D:5: 855 daAuts
     D:2: 763 daAuts
     D:3: 590 daAuts
     D:6: 285 daAuts
 Ossuary: 281 daAuts
